 Dungeon Crawl Stone Soup version 0.17-a0-1176-g3d5a0d0 (webtiles) character file.

100 wvc the Cudgeler (level 4, -9/39 HPs)
             Began as a Naga Warper on May 30, 2015.
             Killed by divine providence
             ... invoked by an orc priest
              (13 damage)
             ... on level 3 of the Dungeon.
             The game lasted 00:06:30 (3630 turns).

wvc the Cudgeler (Naga Warper)                      Turns: 3630, Time: 00:06:31

Health: -9/39      AC:  6    Str: 12    XL:     4   Next: 74%
Magic:  7/7        EV:  8    Int: 15    God:
Gold:   76         SH:  0    Dex: 13    Spells: 3 memorised, 2 levels left

rFire  . . .     SeeInvis +     a - +1 mace
rCold  . . .     Clarity  .     f - +0 ring mail
rNeg   . . .     SustAt   .     (no shield)
rPois  +         Gourm    .     (no helmet)
rElec  .         Spirit   .     m - +0 cloak
rCorr  .         Warding  .     j - +0 pair of gloves
rMut   .         Stasis   .     (no barding)
MR     .....                    (no amulet)
Stlth  +.........               (no ring)
                                (no ring)

@: lethally poisoned (-9 -> -12), short of breath, very slow, not resistant to
hostile enchantments, very unstealthy
A: see invisible, agile 1, clever 1, deformed body, poison resistance, slowness
2, slow metabolism 1, spit poison 2, weak 1, AC +1
a: Spit Poison


You were on level 3 of the Dungeon.
You were hungry.

You visited 1 branch of the dungeon, and saw 3 of its levels.

You collected 76 gold pieces.

Inventory:

Hand weapons
 a - a +1 mace (weapon)
 n - a +0 flail
Missiles
 e - 5 tomahawks of dispersal
 g - 10 tomahawks (quivered)
Armour
 f - a +0 ring mail (worn)
 j - a +0 pair of gloves (worn)
 m - a +0 cloak (worn)
Scrolls
 d - 2 scrolls of blinking
 l - a scroll of fog {unknown}
Potions
 h - 2 potions of curing
 o - a potion of lignification {unknown}
Books
 c - a book of Spatial Translocations

   Spells                             Type                      Level
   a - Apportation                    Translocation                1
   b - Blink                          Translocation                2
   c - Shroud of Golubria             Charms/Translocation         2
   d - Portal Projectile              Translocation                3
   e - Teleport Other                 Translocation                3
   f - Passage of Golubria            Translocation                4
Comestibles
 b - a meat ration
 i - 2 bread rations


   Skills:
 - Level 2.0 Fighting
 * Level 4.4 Maces & Flails
 - Level 0.8 Throwing
 - Level 1.5 Armour
 - Level 1.5 Dodging
 - Level 2.0 Spellcasting
 - Level 3.0 Translocations


You had 2 spell levels left.
You knew the following spells:

 Your Spells              Type           Power        Failure   Level  Hunger
a - Apportation           Tloc           ##........   14%         1    #......
b - Blink                 Tloc           N/A          21%         2    ###....
c - Shroud of Golubria    Chrm/Tloc      #.........   38%         2    ###....


Dungeon Overview and Level Annotations

Branches:
Dungeon (3/15)

Altars:
Elyvilon
Vehumet


Innate Abilities, Weirdness & Mutations

You cannot wear boots.
Your serpentine skin is tough (AC +1).
You have supernaturally acute eyesight.
Armour fits poorly on your strangely shaped body.
Your system is resistant to poisons.
You cover ground very slowly.
You have a slow metabolism.
You can spit poison.
You are agile. (Dex +2)
Your mind is acute. (Int +2)
You are weak. (Str -2)


Message History

You have got your breath back.
The jackal barely misses you. The orc hits you.
The orc wizard hits you with a dagger of venom.
You are poisoned.
The orc priest hits you with a hand axe.
* * * LOW HITPOINT WARNING * * *
Use which ability? (? or * to list)
Press: ? - help, Shift-Dir - straight line, f/p - orc priest
Aim: an orc priest, wielding a hand axe and wearing a ring mail (severely wounded)
The splash of poison hits the orc priest.
The orc priest appears unharmed.
The orc priest is severely wounded.
You are feeling hungry.
You feel sick. The jackal bites you.
* * * LOW HITPOINT WARNING * * *
The orc closely misses you. The orc wizard barely misses you.
The jackal closely misses you.
The orc priest mumbles some strange prayers to Beogh against you.
Something smites you!
You die...

#### ****, ##### ##..## *,,,, ##
#...# #....# *,,,, .## #...#
#....# *,,,, ..###...# #####....#
**#***,
...##...####........#######o.,,,,
..###........##.....#.......#**,*
.####....####...oo......†####**,*
...#............@h...........,*,,
........###..####o.##........,,,,
...##...###.#####..###.......,,,,
......###..##..##.## *.......,,,<
...##......#....#..* *.......,,,,
......(##.##.⌠._#..* *#......,,,,
....##....#.....#..# *....>.,,,,
...(†.....#....##..#***......,,,,
..........÷...⌠#*****,,,,,,,,,,,,


You could see an orc priest, an orc wizard, an orc and a jackal.

Vanquished Creatures
  2 adders
  3 worms (D:2)
  3 giant geckos
  3 orcs (D:3)
  7 goblins
  11 hobgoblins
  6 jackals
  9 kobolds
  2 ball pythons
  5 bats
  A giant cockroach (D:1)
  3 giant newts (D:1)
  8 rats
63 creatures vanquished.

Notes
Turn   | Place    | Note
--------------------------------------------------------------
     0 | D:1      | wvc the Naga Warper began the quest for the Orb.
     0 | D:1      | Reached XP level 1. HP: 19/19 MP: 3/3
   397 | D:1      | Reached skill level 1 in Armour
   589 | D:1      | Reached XP level 2. HP: 21/26 MP: 5/5
  1570 | D:1      | Reached XP level 3. HP: 27/32 MP: 6/6
  1837 | D:1      | Learned a level 2 spell: Blink
  1840 | D:1      | Learned a level 2 spell: Shroud of Golubria
  2469 | D:2      | Reached XP level 4. HP: 12/39 MP: 5/7
  2786 | D:2      | Reached skill level 4 in Maces & Flails
  3347 | D:3      | Gained mutation: You are agile. (Dex +2) [potion of mutation]
  3347 | D:3      | Gained mutation: You are weak. (Str -2) [potion of mutation]
  3347 | D:3      | Gained mutation: Your mind is acute. (Int +2) [potion of mutation]
  3408 | D:3      | Found a radiant altar of Vehumet.
  3408 | D:3      | Found a white marble altar of Elyvilon.
  3630 | D:3      | Killed from afar by an orc priest

Vault maps used:
D:1:      lemuel_arrival_cross, minmay_curled_crystal
D:2:      first_bread, st_stairs_10, minmay_stone_trees_large,
          kennysheep_crisscross, columned_hall_lemuel
D:3:      gammafunk_temple_overflow_pools, minmay_crystal_water, uniq_natasha,
          uniq_grinder

Action                   |  1- 3 |  4- 6 || total
-------------------------+-------+-------++-------
Melee: Mace              |   153 |    66 ||   219
       Flail             |       |     5 ||     5
Throw: Tomahawk          |       |     3 ||     3
 Cast: Blink             |     1 |       ||     1
 Abil: Spit Poison       |     7 |     8 ||    15
  Use: Potion            |     1 |     1 ||     2
       Scroll            |       |     5 ||     5
  Eat: Bread ration      |     1 |       ||     1
       Chunk             |     1 |       ||     1
       Beef jerky        |       |     1 ||     1
